Cogmind - Beta 10.1 --- EXPLORER MODE // 2020.10.11 @ 01:20:32 Player: Luigi Panache Result: Self-destructed Performance ------------- Evolutions (2) 1000 Regions Visited (6) 1200 Robots Destroyed (29) 145 Value Destroyed (680) 680 Prototype IDs (8) 160 Alien Tech Used (0) 0 Bonus (300) 300 TOTAL SCORE: 3485 Bonus ------- Aligned with FarCom 300 Cogmind --------- Core Integrity 513/550 Matter 267/300 Energy 241/265 System Corruption 0% Temperature Cool (0) Movement Hovering (38) Location -8/Storage Parts ------- > --- POWER (1) -------- Improved Ion Engine > --- PROPULSION (4) --- Aerolev Unit Aerolev Unit Aerolev Unit Aerolev Unit > --- UTILITY (5) ------ Medium Storage Unit Medium Storage Unit Medium Storage Unit Advanced Terrain Scanner Drone Bay (0/2) > --- WEAPON (2) ------- Katana > --- INVENTORY (16) --- Improved Ion Engine Improved Hover Unit Aerolev Unit Flight Unit Flight Unit Flight Unit Cesium-ion Thruster Improved Heat Sink Transmission Jammer Transmission Jammer Improved ECM Suite Power Shielding Skeleton Box EM Pulse Cannon Heavy Particle Cannon Ion Cannon Peak State ------------ > --- POWER ------------ Improved Ion Engine > --- PROPULSION ------- Aerolev Unit Aerolev Unit Aerolev Unit Aerolev Unit > --- UTILITY ---------- Medium Storage Unit Medium Storage Unit Advanced Terrain Scanner Transmission Jammer Maneuvering Thrusters > --- WEAPON ----------- EM Pulse Cannon Heavy Particle Cannon > --- INVENTORY -------- Improved Ion Engine Flight Unit Flight Unit Flight Unit Cesium-ion Thruster Improved Heat Sink Transmission Jammer Improved ECM Suite Power Shielding Skeleton Box Ion Cannon Katana [Rating: 38] Favorites ----------- Power Light Nuclear Core Engine Improved Ion Engine Power Core Light Nuclear Core Propulsion Aluminum Leg Leg Aluminum Leg Hover Unit Aerolev Unit Flight Unit Flight Unit Utility Medium Storage Unit Device Improved Terrain Scanner Storage Medium Storage Unit Processor Visual Processing Unit Weapon Assault Rifle Energy Cannon Heavy Particle Cannon Ballistic Gun Assault Rifle Launcher Heavy Missile Launcher Slashing Weapon Katana Build | -11 -10 -10 -10 -9 -8 -8 ------- Run | Scr Mat Min Exi Min Mat Sto Slots Evolved 5 | . 1 . . . 4 . Power . | . . . . . . . Propulsion 2 | . . . . . 2 . Utility 3 | . 1 . . . 2 . Weapon . | . . . . . . . Parts Attached 46 | 8 3 . 2 . 32 1 Power 4 | 1 2 . . . 1 . Engine 3 | 1 1 . . . 1 . Core 1 | . 1 . . . . . Reactor . | . . . . . . . Propulsion 17 | 2 . . . . 15 . Treads . | . . . . . . . Leg 7 | 2 . . . . 5 . Wheel . | . . . . . . . Hover 5 | . . . . . 5 . Flight 5 | . . . . . 5 . Utility 15 | 2 1 . 2 . 9 1 Device 10 | 1 . . 2 . 6 1 Storage 4 | 1 . . . . 3 . Processor 1 | . 1 . . . . . Hackware . | . . . . . . . Protection . | . . . . . . . Artifact . | . . . . . . . Weapon 10 | 3 . . . . 7 . Energy Gun . | . . . . . . . Energy Cannon 4 | . . . . . 4 . Ballistic Gun 3 | 3 . . . . . . Ballistic Cannon . | . . . . . . . Launcher 1 | . . . . . 1 . Special Weapon . | . . . . . . . Impact Weapon . | . . . . . . . Slashing Weapon 2 | . . . . . 2 . Piercing Weapon . | . . . . . . . Special Melee Weapon . | . . . . . . . Unidentified Prototypes 3 | . . . 1 . 2 . Parts Lost 1 | . . . . . 1 . Power . | . . . . . . . Propulsion . | . . . . . . . Utility 1 | . . . . . 1 . Weapon . | . . . . . . . Highest Loss Streak 1 | . . . . . 1 . Average Slot Usage (%) 97 | . 99 100 100 100 93 91 Engine 3 | . 5 . . . 5 8 Core 7 | . 6 12 12 12 2 . Leg 24 | . 25 25 25 25 23 . Hover 2 | . . . . . 7 33 Device 14 | . 12 12 18 25 17 16 Storage 14 | . 12 12 12 12 19 25 Processor 7 | . 11 12 6 . . . Energy Cannon 3 | . . . . . 12 . Ballistic Gun 18 | . 25 25 25 25 . . Naked Turns . | . . . . . . . Heaviest Build 46 | 18 20 18 20 20 46 40 Greatest Support 50 | 20 20 20 20 20 50 44 Greatest Overweight (x) 5 | 5 . . . . 3 . Average Overweight (x) . | . . . . . . . Largest Inventory Capacity 16 | 8 8 8 8 8 16 16 Average Capacity 9 | 7 8 8 8 8 12 16 Most Carried 16 | 8 8 8 8 8 16 16 Average Carried 8 | 3 7 8 7 8 12 15 Final Capacity 16 | 8 8 8 8 8 16 16 Final Carried 16 | 8 8 8 8 8 15 16 Class Distribution -------------------- 72% | Hacker-Mutant 21% | Hacker-Skirmisher 4% | Hacker-Scout Dominant Class ---------------- Hacker-Mutant | -10/Materials Hacker-Mutant | -10/Mines Hacker-Mutant | -10/Exiles Hacker-Skirmisher | -9/Mines Hacker-Skirmisher | -8/Materials Hacker-Scout | -8/Storage Resources | -11 -10 -10 -10 -9 -8 -8 ----------- Run | Scr Mat Min Exi Min Mat Sto Matter Collected 912 | 304 195 27 . 26 360 . Remotely . | . . . . . . . Salvage Created 1105 | 84 294 81 . 28 618 . Parts 82 | 4 28 3 . 3 44 . Haulers Intercepted 2 | . 1 . . . 1 . Recyclers Shooed . | . . . . . . . Parts Field Recycled . | . . . . . . . Retrieved Matter . | . . . . . . . Parts Self-Destructed . | . . . . . . . Prevented . | . . . . . . . Kills | -11 -10 -10 -10 -9 -8 -8 ------- Run | Scr Mat Min Exi Min Mat Sto Combat Hostiles Destroyed 19 | . 7 . . . 12 . Melee 2 | . . . . . 2 . Guns 7 | . 7 . . . . . Cannons 10 | . . . . . 10 . Classes Destroyed 10 | 2 4 . . 1 3 . Worker 1 | . . . . 1 . . Tunneler 1 | 1 . . . . . . Hauler 2 | . 1 . . . 1 . Recycler 1 | 1 . . . . . . Watcher 5 | . 3 . . . 2 . Swarmer 8 | . 4 . . . 4 . Grunt 6 | . 3 . . . 3 . Brawler 1 | . . . . . 1 . Duelist 1 | . . . . . 1 . Sentry 3 | . . . . . 3 . Best Kill Streak 3 | 1 3 . . 1 3 . Combat Bots Only 3 | . 2 . . . 3 . Max Kills in Single Turn 1 | 1 1 . . 1 1 . Gunslinging . | . . . . . . . Exploded . | . . . . . . . Melee 1 | . . . . . 1 . Uniques/NPCs Destroyed . | . . . . . . . Combat | -11 -10 -10 -10 -9 -8 -8 -------- Run | Scr Mat Min Exi Min Mat Sto Damage Taken 400 | . 71 . . . 329 . Core 47 | . 10 . . . 37 . Absorbed by Shields . | . . . . . . . Core Remaining (%) 98 | 100 . . . 96 . . Volleys Fired 56 | 4 29 3 . 1 19 . Largest 2 | 2 2 2 . 2 2 . Hottest 138 | 40 40 40 . 40 138 . Shots Fired 111 | 8 58 6 . 2 37 . Gun 74 | 8 58 6 . 2 . . Cannon 36 | . . . . . 36 . Launcher 1 | . . . . . 1 . Special . | . . . . . . . Kinetic 74 | 8 58 6 . 2 . . Thermal 20 | . . . . . 20 . Explosive 1 | . . . . . 1 . Electromagnetic 16 | . . . . . 16 . Robot Hit Streak 23 | 6 11 6 . 7 23 . Robot Miss Streak 3 | . 3 . . . 1 . Penetration Max . | . . . . . . . Secondary Targets 2 | . 2 . . . . . Max Gunslinging Chain 1 | . 1 . . . . . Shots Hit Robots 90 | 6 43 5 . 1 35 . Core Hits 40 | 3 15 2 . 1 19 . Critical Hits 1 | . 1 . . . . . Critical Kills . | . . . . . . . Critical Parts Destroyed 1 | . 1 . . . . . Melee Attacks 10 | . . . . . 10 . Impact . | . . . . . . . Slashing 10 | . . . . . 10 . Piercing . | . . . . . . . Sneak Attacks . | . . . . . . . Combat Hostiles . | . . . . . . . Follow-up Attacks . | . . . . . . . Damage Inflicted 1796 | 73 472 60 . 14 1177 . Guns 619 | 73 472 60 . 14 . . Cannons 688 | . . . . . 688 . Explosions 197 | . . . . . 197 . Melee 292 | . . . . . 292 . Ramming . | . . . . . . . Kinetic 619 | 73 472 60 . 14 . . Thermal 391 | . . . . . 391 . Explosive 103 | . . . . . 103 . Electromagnetic 391 | . . . . . 391 . Impact . | . . . . . . . Slashing 292 | . . . . . 292 . Piercing . | . . . . . . . Highest Corruption . | . . . . . . . Average Corruption . | . . . . . . . Corruption Purged . | . . . . . . . Overload Shots . | . . . . . . . Overflow Damage 80 | . . . . . 80 . Projectiles . | . . . . . . . Explosions 43 | . . . . . 43 . Melee 37 | . . . . . 37 . Knockbacks . | . . . . . . . Impact . | . . . . . . . Kinetic . | . . . . . . . Secondary . | . . . . . . . Self-Inflicted Damage 23 | . . . . . 23 . Shots 1 | . . . . . 1 . Rammed . | . . . . . . . Targets Rammed . | . . . . . . . Kicked . | . . . . . . . Crushed . | . . . . . . . Highest Temperature 228 | . 3 . . . 228 . Average Temperature 71 | . 2 . . . 74 . Received Heat Transfer 183 | . 48 . . . 135 . Effects 1 | . . . . . 1 . Energy Bleed 1 | . . . . . 1 . Siege Activations . | . . . . . . . Robots Corrupted . | . . . . . . . Combat Hostiles . | . . . . . . . Parts Fried 1 | . . . . . 1 . Impact Corruptions . | . . . . . . . Robots Melted . | . . . . . . . Combat Hostiles . | . . . . . . . Parts Melted . | . . . . . . . Heat Transferred 494 | . . . . . 494 . Parts Sabotaged . | . . . . . . . Parts Stolen . | . . . . . . . Parts Stripped . | . . . . . . . Power Chain Reactions 1 | . . . . . 1 . Missiles Intercepted . | . . . . . . . Alert | -11 -10 -10 -10 -9 -8 -8 ------- Run | Scr Mat Min Exi Min Mat Sto Peak Influence 288 | 10 149 50 . 5 288 36 Initial 40 | . 4 40 . . 1 36 Average 70 | 5 71 45 . . 104 36 Maximum Alert Level 1 | . . . . . 1 . Low Security (%) 95 | 100 100 100 . 100 85 100 Level 1 4 | . . . . . 14 . Level 2 . | . . . . . . . Level 3 . | . . . . . . . Level 4 . | . . . . . . . Level 5 . | . . . . . . . High Security . | . . . . . . . Max Security . | . . . . . . . Squads Dispatched 1 | . 1 . . . . . Investigation 1 | . 1 . . . . . Extermination . | . . . . . . . Reinforcement . | . . . . . . . Assault . | . . . . . . . Garrison . | . . . . . . . Intercept . | . . . . . . . Construction Impeded . | . . . . . . . Haulers Reinforced . | . . . . . . . Stealth | -11 -10 -10 -10 -9 -8 -8 --------- Run | Scr Mat Min Exi Min Mat Sto Distress Signals 2 | . . . . . 2 . Communications Jammed . | . . . . . . . Distress Signals . | . . . . . . . Times Spotted 30 | . 10 . . . 20 . Peak Tracking Total 5 | . 3 . . . 5 . Tactical Retreats 2 | . 1 . . . 1 . Traps | -11 -10 -10 -10 -9 -8 -8 ------- Run | Scr Mat Min Exi Min Mat Sto Traps Triggered 2 | . 1 . . . 1 . Indirectly . | . . . . . . . Trap Hack Attempts . | . . . . . . . Triggered . | . . . . . . . Disarmed . | . . . . . . . Reprogrammed . | . . . . . . . Reused . | . . . . . . . Traps Extracted . | . . . . . . . Installed . | . . . . . . . Triggered . | . . . . . . . Machines | -11 -10 -10 -10 -9 -8 -8 ---------- Run | Scr Mat Min Exi Min Mat Sto Machines Disabled 1 | . . . . . 1 . Max in Single Turn 1 | . . . . . 1 . Garrison Access 1 | . . . . . 1 . Machines Sabotaged . | . . . . . . . Garrisons Compromised . | . . . . . . . Overloaded Fab Kills . | . . . . . . . Fab Network Shutdowns . | . . . . . . . Hacking | -11 -10 -10 -10 -9 -8 -8 --------- Run | Scr Mat Min Exi Min Mat Sto Machines Accessed 17 | . 10 . . . 6 1 Terminals 13 | . 8 . . . 4 1 Fabricators . | . . . . . . . Repair Stations . | . . . . . . . Recycling Units 2 | . 2 . . . . . Scanalyzers 1 | . . . . . 1 . Garrison Access 1 | . . . . . 1 . Total Hacks 52 | . 33 . . . 18 1 Successful 27 | . 15 . . . 11 1 Failed 25 | . 18 . . . 7 . Catastrophic 3 | . 2 . . . 1 . Database Lockouts . | . . . . . . . Manual 39 | . 27 . 1 . 10 1 Terminals 47 | . 31 . . . 15 1 Fabricators . | . . . . . . . Repair Stations . | . . . . . . . Recycling Units 2 | . 2 . . . . . Scanalyzers 2 | . . . . . 2 . Garrison Access 1 | . . . . . 1 . Terminal Hacks 10 | . 5 . . . 4 1 Part Schematic 1 | . 1 . . . . . Prototype ID Bank 2 | . 1 . . . 1 . Open Door 1 | . . . . . . 1 Terminal Index 2 | . 1 . . . 1 . Fabricator Index 1 | . . . . . 1 . Alert Level 1 | . 1 . . . . . Hauler Manifests 1 | . 1 . . . . . Zone Layout 1 | . . . . . 1 . Fabricator Hacks . | . . . . . . . Repair Station Hacks . | . . . . . . . Recycling Unit Hacks 2 | . 2 . . . . . Report Inventory 2 | . 2 . . . . . Scanalyzer 2 | . . . . . 2 . Insert Component 1 | . . . . . 1 . Analyze 1 | . . . . . 1 . Garrison Access Hacks 1 | . . . . . 1 . Seal Access 1 | . . . . . 1 . Unauthorized Hacks 12 | . 8 . . . 4 . Terminals 12 | . 8 . . . 4 . Track 1 | . 1 . . . . . Botnet 11 | . 7 . . . 4 . Fabricators . | . . . . . . . Repair Stations . | . . . . . . . Recycling Units . | . . . . . . . Scanalyzers . | . . . . . . . Garrison Access . | . . . . . . . Data Cores Recovered . | . . . . . . . Used . | . . . . . . . Hacking Detections 13 | . 9 . . . 4 . Full Trace Events 4 | . 3 . . . 1 . Feedback Events . | . . . . . . . Feedback Blocked . | . . . . . . . Robot Schematics Acquired . | . . . . . . . Robots Built . | . . . . . . . Matter . | . . . . . . . Time . | . . . . . . . Total Robot Build Rating . | . . . . . . . Part Schematics Acquired 2 | . 1 . . . 1 . Parts Built . | . . . . . . . Matter . | . . . . . . . Time . | . . . . . . . Total Part Build Rating . | . . . . . . . Parts Repaired . | . . . . . . . Time . | . . . . . . . Parts Recycled . | . . . . . . . Recycled Matter . | . . . . . . . Retrieved Matter . | . . . . . . . Retrieved Components . | . . . . . . . Parts Scanalyzed 1 | . . . . . 1 . Part Schematics Acquired 1 | . . . . . 1 . Parts Damaged . | . . . . . . . Bothacking | -11 -10 -10 -10 -9 -8 -8 ------------ Run | Scr Mat Min Exi Min Mat Sto Used RIF Installer . | . . . . . . . Robots Hacked . | . . . . . . . Non-combat . | . . . . . . . Combat . | . . . . . . . Robot Hacks Applied . | . . . . . . . Relay Couplers Released . | . . . . . . . Robots Rewired . | . . . . . . . Allies Hacked . | . . . . . . . Hacks Repelled . | . . . . . . . Allies | -11 -10 -10 -10 -9 -8 -8 -------- Run | Scr Mat Min Exi Min Mat Sto Total Allies . | . . . . . . . Largest Group . | . . . . . . . Highest-Rated Group . | . . . . . . . Highest-Rated Ally . | . . . . . . . Total Orders . | . . . . . . . Ally Attacks . | . . . . . . . Total Damage . | . . . . . . . Kills . | . . . . . . . Allies Corrupted . | . . . . . . . Allies Melted . | . . . . . . . Intel | -11 -10 -10 -10 -9 -8 -8 ------- Run | Scr Mat Min Exi Min Mat Sto Robot Analysis Total . | . . . . . . . Derelict Logs Recovered . | . . . . . . . Drone Launches 16 | . . . . . . 16 Drone Recoveries . | . . . . . . . Exploration | -11 -10 -10 -10 -9 -8 -8 ------------- Run | Scr Mat Min Exi Min Mat Sto Turns Passed 2119 | 116 796 313 299 28 541 26 Spaces Moved 1523 | 61 576 254 244 21 324 43 Core 14 | 14 . . . . . . Treads . | . . . . . . . Legs 1352 | 47 576 254 244 21 210 . Wheels . | . . . . . . . Hover 129 | . . . . . 86 43 Flight 28 | . . . . . 28 . Fastest Speed 31 | 50 120 120 120 120 31 38 Average Speed 115 | 141 120 120 120 120 107 38 Slowest Speed 300 | 300 120 120 120 120 260 38 Overloaded Moves . | . . . . . . . Propulsion Burnouts . | . . . . . . . Robots Hopped . | . . . . . . . Cave-ins Triggered . | . . . . . . . Exploration Rate (%) 38 | 4 92 59 63 11 28 14 Regions Visited 6 Branch Regions 4 Pre-discovered Areas 1 | . . 1 . . . . Known Exits Taken 6 | 1 1 1 1 1 1 . Unknown Exits Taken . | . . . . . . . Scrap Searched . | . . . . . . . Spaces Dug . | . . . . . . . Terrain Destroyed 25 | . . . . . 25 . Melee . | . . . . . . . Projectile 6 | . . . . . 6 . AOE 19 | . . . . . 19 . Terrain Rammed . | . . . . . . . Walls Destroyed . | . . . . . . . Machines Disabled . | . . . . . . . Actions | -11 -10 -10 -10 -9 -8 -8 --------- Run | Scr Mat Min Exi Min Mat Sto Total 1750 | 79 626 256 251 22 464 52 Wait 45 | . 3 . . 1 41 . Move 1517 | 60 575 253 243 20 323 43 Hop . | . . . . . . . Pick Up 25 | 7 7 . 2 . 9 . Fast Attach 36 | 7 2 . 2 . 24 1 Attach 5 | . . . . . 5 . Detach 10 | . . . . . 9 1 Swap 5 | 1 1 . . . 3 . Drop 34 | . 9 . 4 . 21 . Fire 56 | 4 29 3 . 1 19 . Melee 10 | . . . . . 10 . Ram . | . . . . . . . Kick . | . . . . . . . Crush . | . . . . . . . Escape Stasis . | . . . . . . . Rewire . | . . . . . . . Trap . | . . . . . . . Miscellaneous 7 | . . . . . . 7 Route ------- -11/Scrapyard -10/Materials (discovered 5 exits: *Mat x3 / *Min x2) -10/Mines (discovered 3 exits: *Mat x2 / *Exi) -10/Exiles (discovered 2 exits: *Min x2) -9/Mines -8/Materials -8/Storage History --------- Turn | Location | Event 57 | -11/Scrapyard | Identified exit to Materials 57 | -11/Scrapyard | Discovered exit to Materials (range 15) 117 | -11/Scrapyard | Entered Materials 117 | -10/Materials | Evolved 1 slot: Utility x1 240 | -10/Materials | Identified exit to Mines 240 | -10/Materials | Discovered exit to Mines (range 10) 298 | -10/Materials | Identified exit to Materials 298 | -10/Materials | Discovered exit to Materials (range 18) 313 | -10/Materials | Build established: Hacker-Mutant 494 | -10/Materials | Discovered exit to Materials (range 14) 613 | -10/Materials | Discovered exit to Mines (range 17) 649 | -10/Materials | Discovered exit to Materials (range 5) 913 | -10/Materials | Entered Mines 914 | -10/Mines | Learned location of Storage (-8) 973 | -10/Mines | Discovered exit to Materials (range 9) 993 | -10/Mines | Discovered exit to Materials (range 10) 1107 | -10/Mines | Identified exit to Exiles 1107 | -10/Mines | Discovered exit to Exiles (range 14) 1221 | -10/Mines | Deemed a non-threat by the Exiles lab entrance 1226 | -10/Mines | Entered Exiles 1248 | -10/Exiles | Identified exit to Mines 1248 | -10/Exiles | Discovered exit to Mines (range 17) 1278 | -10/Exiles | Met 8R-AWN 1298 | -10/Exiles | Met EX-HEX 1334 | -10/Exiles | Met EX-BIN 1348 | -10/Exiles | Aligned with FarCom system 1349 | -10/Exiles | Given EX-Vault access code 1378 | -10/Exiles | Opened EX-Vault 1383 | -10/Exiles | Found Prototype Device 1383 | -10/Exiles | Identified Skeleton Box 1413 | -10/Exiles | Warned to stay clear of 0b10 Research branches 1445 | -10/Exiles | Met EX-DEC 1511 | -10/Exiles | Discovered exit to Mines (range 14) 1525 | -10/Exiles | Left Exiles lab with Skeleton Box 1525 | -10/Exiles | Entered Mines 1536 | -9/Mines | Identified exit to Materials 1536 | -9/Mines | Discovered exit to Materials (range 8) 1553 | -9/Mines | Entered Materials 1553 | -8/Materials | Evolved 4 slots: Propulsion x2, Utility x2 2052 | -8/Materials | Identified exit to Storage 2052 | -8/Materials | Discovered exit to Storage (range 15) 2094 | -8/Materials | Entered Storage 2120 | -8/Storage | Self-destructed Last Messages --------------- 02074_ Acquired 14 matter. 02075_ Acquired 12 matter. 02076_ Destroyed Heat Sink. 02081_ U-05 Engineer lays Concrete. 02085_ Maneuvering Thrusters destroyed. 02088_ Triggered Blade Trap. 02088_ Massive razor-sharp blades shoot up from within the floor. 02088_ Aerolev Unit severed. 02088_ EM Pulse Cannon severed. 02088_ Acquired Aerolev Unit. 02090_ Acquired EM Pulse Cannon. LOCATION=STORAGE GOAL=ESCAPE 02094_ Receiving FarCom transmissions... 02097_ Connecting with Terminal... >>Open Sealed Heavy Doors opened. 02098_ Acquired Drone Bay. 02100_ Drone released from Drone Bay. 02120_ Connecting with Terminal... Map ----- +----------------------------------------------------+ | ???????????????????????????????????????? | | ???????????????????????????????????????? | | ???????????????????????????????????????? | | ???????????????????????????????????????? | | ???????????????????????????????????????? | | ???????????????????????????????????????? | | ???????????????????????????????????????? | | ???????????????????????????????????????? | | ???????????????????????????????????????? | | ??????????????????????Y????????????????? | | ???Y???????????????????????????????????? | | ???????? ?????????g????????????????????? | | ???????? ??????????????????????????????? | | ???????#u##????????????????????????????? | | ??????# ????????????????????????????? | | ??????# ????????????????????????????? | | ??????# ????????????????????????????? | | ??????# #????????????????????????????? | | ??????# #????????????????????????????? | | ??????# #????????????????????????????? | | ??????# #????????????????????????????? | | ??????# a#????????????????????????????? | | ??????# #???#####????????????????????? | | ??????# #???#"""#????????????????????? | | ??????# #####"T"#####????????????????? | | ??????# # @ #????????????????? | | ??????# #n """"" #????????????????? | | ??????# r#nn """"" "????????????????? | | ??????# n nn """"" R"#?????????????? | | ??????# nn# n """??????????????? | | ??????# n# ###??????????????? | | ??????# nn# #????????????????? | | #######nnn######"T"####????????????????? | | # # n######"""#???????????????????? | | # # ##! !#####???????????????????? | | # """ # ##! !#???????????????????????? | | # """ # ##! !#???????????????????????? | | # """ # ##! #???????????????????????? | | # ^ + ### ##???????????????????????? | | # """ # + T#???????????????????????? | | # """ # # ##???????????????????????? | | # """ # #####????????????????????????? | | # # #????????????????????????????? | | # # #????????????????????????????? | | # % #####????????????????????????????? | | #######????????????????????????????????? | | ???????????????????????????????????????? | | ???????????????????????????????????????? | | ???????????????????????????????????????? | | ???????????????????????????????????????? | +----------------------------------------------------+ Best States ------------- Heat Dissipation 45 Energy Generation 14 Energy Capacity 265 Matter Stores 354 Matter Capacity 400 Sight Range 18 Terrain Scan Range 20 Terrain Scan Density 10 ECM Strength 2 Jamming Range 8 Resistance: KI 35 Resistance: TH 35 Resistance: EX 35 Resistance: EM 35 Resistance: I 35 Resistance: S 35 Resistance: P 35 Evasion (%) 57 Offensive Hacking 20 Item Schematics ----------------- Datajack | -10/Materials | Hacked Cesium-ion Thruster | -8/Materials | Scanalyzed Robot Schematics ------------------ None Fabricated ------------ Nothing Alien Tech Used ----------------- None Achievements -------------- None Challenges ------------ None Game ------ Seed WeaponDataMediator Manual? 0 Play Time 00:34:50 Cumulative 39.5 hours Start 2020.10.11 @ 00:38:44 End 2020.10.11 @ 01:20:32 Sessions 1 Manual Loads 0 Difficulty Explorer Special Mode None Game No. 27 Rogue 3 Adventurer 11 Explorer 13 Win Type - Total 2 Types 2/0/0/0/0/0/0/0/0 Lore% 25 Gallery% 43 Achievement% 35 Wizard Run 0 Options --------- ASCII 0 Keyboard 0 Movement Mouse Keybinds 0 Fullscreen 1 Font 18/Terminus Map View 76x50 Tactical HUD 1 Map Filters NONE Filters NONE Steam 1 RUN: 2925c944-c312-46a3-8638-c595e8cf89c6